cohdb
Replays
Latest Replays
All Replays
Popular Replays
Top Player Replays
Match Explorer
How It Works
Community
CoH3 Stats
Reddit
Sign in to upload your games and track your stats! →
Sign in with Steam
Match 46279045
Unlisted
Match 46279045
Overview
Messages
Build Orders
End
Construct Infanterie Kompanie
Pioneer Squad
MG 42 Machine Gun Team
GrW 34 Mortar Team
Construct Panzergrenadier Kompanie
Medical Bunker
251 Medium Carrier
Panzergrenadier Squad
Panzergrenadier Officer Quarters
Grenadier Squad
Support Elements
Nebelwerfer 42 Rocket Launcher Team
Selects Terror Battlegroup
Selects Heavy Gunnery
Selects Defend the Fatherland
Grenadier Squad
Pioneer Squad
Construct Panzer Kompanie
Stoßtruppen Squad
Panzer Officer Quarters
Stoßtruppen Squad
Selects King Tiger Heavy Tank
ProxyFox
Ghost
Ra11
aSIIDemolitionHammer
0
0
Comments
sign in to comment!
No comments posted yet!